 Dungeon Sprint DCSS version 0.17-a0-1575-g9a29ec8 (webtiles) character file.

132 nuthulu the Chucker (level 6, -25/68 HPs)
             Began as a Troll Hunter on July 26, 2015.
             Was an Elder of Trog.
             Annihilated by a giant leech (32 damage)
             ... in the Dungeon (Sprint VI: "Thunderdome").
             The game lasted 00:03:59 (498 turns).

nuthulu the Chucker (Troll Hunter)                   Turns: 498, Time: 00:03:59

Health: -25/68     AC:  5    Str: 23    XL:     6   Next: 95%
Magic:  0/14       EV: 12    Int:  9    God:    Trog [****..]
Gold:   37         SH:  0    Dex: 12    Spells: 0 memorised, 5 levels left

rFire  + . .     SeeInvis .       - Unarmed
rCold  + . .     Clarity  .     d - +0 robe
rNeg   . . .     SustAt   .     (no shield)
rPois  +         Gourm    +     (helmet restricted)
rElec  +         Spirit   +     (no cloak)
rCorr  .         Warding  .     (gloves unavailable)
rMut   .         NoTele   +     (boots unavailable)
MR     .....                    q - amulet of Jagilatz {Spirit rPois MP+9 Str-3 Stlth+}
Stlth  +++.......               (no ring)
                                c - ring of Plog {rElec rF+ rC+ Int+2 Stlth+}

@: mighty, very slightly contaminated, not resistant to hostile enchantments,
fairly stealthy
A: unfitting armour, claws 3, fast metabolism 3, gourmand, regeneration 2,
shaggy fur 1, tough skin 2
a: Burn Spellbooks, Berserk, Trog's Hand, Brothers in Arms, Renounce Religion


You were in the Dungeon.
You worshipped Trog.
Trog was greatly pleased with you.
You were full.

You visited 1 branch You collected 400 gold pieces.
You spent 363 gold pieces at shops.

Inventory:

Missiles
 a - 2 large rocks (quivered)
 b - 2 throwing nets
Armour
 d - a +0 robe (worn)
Jewellery
 c - the ring of Plog (left claw) {rElec rF+ rC+ Int+2 Stlth+}
   (You bought it in a shop in the Dungeon)

   [ring of protection from fire]

   It affects your intelligence (+2).
   It protects you from fire.
   It protects you from cold.
   It insulates you from electricity.
   It makes you more stealthy.
 q - the amulet of Jagilatz (around neck) {Spirit rPois MP+9 Str-3 Stlth+}
   (You bought it in a shop in the Dungeon)

   [amulet of guardian spirit]

   It causes incoming damage to be split between your health and magic.
   It affects your strength (-3).
   It protects you from poison.
   It affects your magic capacity (+9).
   It makes you more stealthy.
Magical devices
 l - a wand of cold (5)
 m - a wand of fire (5)
Scrolls
 k - 3 scrolls of blinking
 n - 3 scrolls of fog
Potions
 f - a potion of curing
 g - 4 potions of heal wounds
 h - 4 potions of haste
 i - 2 potions of magic
 j - a potion of berserk rage
 o - a potion of resistance
 p - 5 potions of might
Comestibles
 e - 2 bread rations


   Skills:
 + Level 6.4 Fighting
 + Level 7.8 Throwing
 + Level 6.4 Dodging
 - Level 0.4 Stealth
 + Level 7.3 Unarmed Combat


You had 5 spell levels left.
You didn't know any spells.

Dungeon Overview and Level Annotations

Branches:
Dungeon (1/1)

Altars:
Cheibriados
Dithmenos
Fedhas
Gozag
Kikubaaqudgha
Makhleb
Okawaru
Qazlal
Ru
Sif Muna
Trog
Vehumet
Xom
Yredelemnul
Zin
The Shining One
Jiyva
Lugonu

Shops:
D *[%??*?*:[((!!!!


Innate Abilities, Weirdness & Mutations

You are too large for most types of armour.
You have claws for hands.
Your metabolism is lightning-fast.
You like to eat raw meat.
You heal very quickly.
You are covered in fur (AC +1).
You have very tough skin (AC +2).


Message History

The lightning arcs!
There is a spawn point here.
Use which ability? (? or * to list)
You fail to use your ability.
Unknown command.
Drink which item? (? for menu, Esc to quit)
You feel much better.
The insubstantial wisp blinks!
The giant leech bites you!
The giant leech draws strength from your injuries!
You barely miss the giant frog.
The giant frog is lightly wounded.
The giant frog hits you!
* * * LOW HITPOINT WARNING * * *
The giant leech barely misses you. The giant frog hits you!
* * * LOW HITPOINT WARNING * * *
Unknown command.
Use which ability? (? or * to list)
You fail to use your ability.
The giant frog hits you.
* * * LOW HITPOINT WARNING * * *
The insubstantial wisp blinks!
The giant leech bites you!!
You die...

#.....# ##.....##
##∩.....∩## #∩.......∩#
#_........# #........_#
#.........# ###........[###
#@FF.v.......⌠#
######w8.........8.####
##∩_._.F..v.###......__.
###∩........8.# #.8.......
##............§###§........
#⌠..........###(..###......
#⌠..........# #.<.# #....v.
#⌠..........###..v###......
##.............###v.....[..


You could see a giant leech, 3 giant frogs and 3 insubstantial wisps.

Vanquished Creatures
  Sigmund (D)
  2 water moccasins (D)
  2 jellies (D)
  Jessica (D)
  2 adders (D)
  3 giant eyeballs (D)
  An ooze (D)
  3 ball pythons (D)
  A quokka skeleton (D)
16 creatures vanquished.

Notes
Turn   | Place    | Note
--------------------------------------------------------------
     0 | D        | nuthulu the Troll Hunter began the quest for the Orb.
     0 | D        | Reached XP level 1. HP: 19/19 MP: 0/0
     2 | D        | Found a viscous altar of Jiyva.
     2 | D        | Found a sacrificial altar of Ru.
     3 | D        | Found a blossoming altar of Fedhas.
     3 | D        | Found a shadowy altar of Dithmenos.
     4 | D        | Found an iron altar of Okawaru.
     4 | D        | Found a snail-covered altar of Cheibriados.
     5 | D        | Found a corrupted altar of Lugonu.
     5 | D        | Found a burning altar of Makhleb.
     5 | D        | Found Max Hoq's Weapon Rack.
     5 | D        | Found Gigocues's Premium Goods.
     5 | D        | Round 1.
     6 | D        | Found Optoomem's Basic Armour.
     6 | D        | Found Moseump's Miscellaneous Merchandise.
     9 | D        | Found a glowing silver altar of Zin.
    10 | D        | Found Mionkod's Do-It-Yourself Clinic.
    11 | D        | Noticed Sigmund
    11 | D        | Found Jyjotwis's Bottled Wisdom.
    11 | D        | Found Nenunweyc's Distillery.
    12 | D        | Found a bloodstained altar of Trog.
    12 | D        | Found a deep blue altar of Sif Muna.
    12 | D        | Found Feixory's Distillery.
    17 | D        | Killed Sigmund
    17 | D        | Reached skill level 4 in Fighting
    17 | D        | Reached skill level 6 in Throwing
    17 | D        | Reached skill level 5 in Unarmed Combat
    17 | D        | Reached XP level 2. HP: 24/33 MP: 1/1
    17 | D        | Reached XP level 3. HP: 29/40 MP: 2/2
    17 | D        | Reached XP level 4. HP: 35/49 MP: 3/3
    17 | D        | Reached XP level 5. HP: 39/55 MP: 4/4
    39 | D        | Bought 6 potions of might for 168 gold pieces
    48 | D        | Became a worshipper of Trog the Wrathful
    86 | D        | Found a radiant altar of Vehumet.
    87 | D        | Found a glowing golden altar of the Shining One.
    88 | D        | Found an ancient bone altar of Kikubaaqudgha.
    89 | D        | Found Naajeits's Identification Station.
    89 | D        | Found a basalt altar of Yredelemnul.
    89 | D        | Found a stormy altar of Qazlal.
    89 | D        | Found Gyur's Bee Food.
    90 | D        | Found Jequc's Advanced Armour.
    90 | D        | Found Pige's Jewellery.
    95 | D        | Found an opulent altar of Gozag.
    96 | D        | Found Qenylacs's Magic Scroll Shop.
    97 | D        | Found Suywn's Magic Scroll Shop.
    97 | D        | Found Kameh's Must-Have Magic.
    98 | D        | Found a shimmering altar of Xom.
    98 | D        | Found Apaojaim's Staff Store.
   100 | D        | Noticed Jessica
   107 | D        | Killed Jessica
   107 | D        | Arena points: 12 (+12) [x2]
   128 | D        | Bought a bound wooden ring for 45 gold pieces
   128 | D        | Identified the ring of Plog {rElec rF+ rC+ Int+2 Stlth+} (You bought it in a shop in the Dungeon)
   162 | D        | Round 2.
   170 | D        | Acquired Trog's first power
   205 | D        | Noticed a water moccasin
   209 | D        | Killed a water moccasin
   209 | D        | Reached skill level 5 in Fighting
   209 | D        | Reached skill level 5 in Dodging
   209 | D        | Reached XP level 6. HP: 62/66 MP: 5/5
   263 | D        | Acquired Trog's second power
   263 | D        | Reached skill level 7 in Throwing
   274 | D        | Noticed a water moccasin
   281 | D        | Killed a water moccasin
   281 | D        | Arena points: 48 (+36) [x3]
   307 | D        | Bought a bound golden amulet for 45 gold pieces
   307 | D        | Identified the amulet of Jagilatz {Spirit rPois MP+9 Str-3 Stlth+} (You bought it in a shop in the Dungeon)
   324 | D        | Round 3.
   373 | D        | Paralysed by a giant eyeball for 3 turns
   380 | D        | Paralysed by a giant eyeball for 3 turns
   415 | D        | Paralysed by a giant eyeball for 2 turns
   419 | D        | Acquired Trog's third power
   419 | D        | Arena points: 132 (+84) [x4]
   430 | D        | Bought 3 potions of heal wounds for 105 gold pieces
   462 | D        | Round 4.
   468 | D        | Noticed a giant leech
   470 | D        | Noticed an insubstantial wisp
   475 | D        | Noticed an insubstantial wisp
   488 | D        | Noticed an insubstantial wisp
   498 | D        | Annihilated by a giant leech

Vault maps used:
D:        arena_sprint

Action                   |  1- 3 |  4- 6 || total
-------------------------+-------+-------++-------
Melee: Unarmed           |       |    46 ||    46
Throw: Large rock        |     5 |     8 ||    13
  Use: Potion            |       |     4 ||     4
       Scroll            |       |     1 ||     1
  Eat: Chunk             |       |     7 ||     7
